 Dungeon Crawl Stone Soup version 0.19-a0-480-g39fb624 (webtiles) character file.

242 Katalist the Digger (level 6, -4/32 HPs)
             Began as a Gargoyle Earth Elementalist on June 4, 2016.
             Was a Follower of Vehumet.
             Killed by nerve-wracking pain
             ... invoked by an orc priest
              (11 damage)
             ... on level 3 of the Dungeon.
             The game lasted 00:06:54 (3014 turns).

Katalist the Digger (Gargoyle Earth Elementalist)   Turns: 3014, Time: 00:06:54

Health: -4/32      AC:  9    Str: 12    XL:     6   Next: 9%
Magic:  13/13      EV: 12    Int: 19    God:    Vehumet [*.....]
Gold:   169        SH:  0    Dex: 10    Spells: 1 memorised, 13 levels left

rFire  . . .     SeeInvis .     a - +2 whip (venom)
rCold  . . .     Gourm    .     c - +0 robe
rNeg   + . .     Faith    .     (no shield)
rPois  ∞         Spirit   .     (no helmet)
rElec  +         Dismiss  +     o - +2 cloak
rCorr  .         Reflect  .     (no gloves)
SustAt .         Harm     .     (no boots)
MR     .....                    j - amulet of dismissal
Stlth  ++........               (no ring)
                                p - +2 ring of intelligence

@: not resistant to hostile enchantments, unstealthy
A: negative energy resistance 1, electricity resistance, unbreathing,
petrification resistance, rot immunity, AC +4
a: Renounce Religion


You were on level 3 of the Dungeon.
You worshipped Vehumet.
Vehumet was aware of your devotion.
You were not hungry.

You visited 1 branch of the dungeon, and saw 3 of its levels.

You collected 169 gold pieces.

Inventory:

Hand Weapons
 a - a +2 whip of venom (weapon)
 s - a +0 spear
Missiles
 b - 120 stones (quivered)
Armour
 c - a +0 robe (worn)
 o - a +2 cloak (worn)
Jewellery
 j - an amulet of dismissal (around neck)
 p - a +2 ring of intelligence (left hand)
 v - an uncursed amulet of magic regeneration {unknown}
Scrolls
 g - a scroll of noise {unknown}
 k - 2 scrolls of identify
 l - 3 scrolls of random uselessness {unknown}
 n - 2 scrolls of teleportation {unknown}
 r - a scroll of enchant weapon {unknown}
 x - a scroll of remove curse {unknown}
 y - a scroll of fear {unknown}
Potions
 h - 3 potions of curing
 i - a potion of lignification {unknown}
 m - a potion of heal wounds {unknown}
 u - a potion of might
 w - a potion of degeneration {unknown}
Books
 e - a book of Geomancy

   Spells                             Type                      Level
   a - Sandblast                      Earth                        1
   b - Passwall                       Transmutation/Earth          2
   c - Stone Arrow                    Conjuration/Earth            3
   d - Petrify                        Transmutation/Earth          4
   e - Lee's Rapid Deconstruction     Earth                        5
Comestibles
 d - a bread ration
 f - 2 beef jerkies
 q - 3 fruits
 t - a meat ration
 z - 2 chunks of flesh
 A - a royal jelly


   Skills:
 - Level 1.5 Dodging
 - Level 2.1 Stealth
 * Level 4.8 Spellcasting
   Level 0.7 Transmutations
 + Level 5.2 Earth Magic


You had 13 spell levels left.
You knew the following spells:

 Your Spells              Type           Power        Failure   Level  Hunger
a - Sandblast             Erth           ###...       1%          1    None


Dungeon Overview and Level Annotations

Branches:
Dungeon (3/15)

Altars:
Cheibriados
Fedhas
Nemelex Xobeh
Qazlal
Ru
Uskayaw
Vehumet
Xom
Zin

Portals:
Sewer: D:3


Innate Abilities, Weirdness & Mutations

You are resistant to torment.
Your stone body is resilient. (AC +4)
You are immune to poison.
You resist negative energy. (rN+)
You are resistant to electric shocks. (rElec)
You can survive without breathing.
You are immune to petrification.
You are immune to rotting.


Message History

The giant cockroach misses you.
The adder bites you but does no damage. x2
The giant cockroach bites you but does no damage.
You hit the giant cockroach.
The giant cockroach is poisoned.
The giant cockroach is heavily wounded.
You kill the giant cockroach!
Vehumet accepts your kill.
You can now gain magical power from killing.
Vehumet offers you knowledge of Magic Dart.
The adder misses you. The adder closely misses you.
The adder barely misses you. The adder completely misses you.
An orc comes into view. It is wielding a mace.
The adder barely misses you. The adder bites you but does no damage.
The orc moves out of view.
The orc priest invokes the aid of Beogh against you.
Pain shoots through your body!
* * * LOW HITPOINT WARNING * * *
The adder bites you but does no damage.
The orc priest mumbles some strange prayers to Beogh against you.
Pain shoots through your body!
You die...

###......#.###...
#..............w.#
#.#####..#.##....#
#.#≈≈≈#.##... ...#
#.#≈≈≈#)##..#.....
##.#≈∩≈#.##...
.<.#
#..#≈≈≈#.##.###
### #..#≈≈≈#.##..
#.@##†##.######
#SSo.o.o....!...
#.###.#.........
#S..o.........o.
#######.$.......
##########


You could see 2 orc priests, 3 adders and an orc.

Vanquished Creatures
  Ijyb (D:2)
  4 gnolls (D:2)
  9 adders
  3 oozes
  2 dart slugs (D:1)
  4 giant geckos
  An orc (D:3)
  5 giant cockroaches
  11 goblins
  9 hobgoblins
  4 jackals (D:1)
  7 bats
  12 kobolds
  6 rats
78 creatures vanquished.

Notes
Turn   | Place    | Note
--------------------------------------------------------------
     0 | D:1      | Katalist the Gargoyle Earth Elementalist began the quest for the Orb.
     0 | D:1      | Reached XP level 1. HP: 10/10 MP: 3/3
   408 | D:1      | Reached XP level 2. HP: 15/15 MP: 3/5
   927 | D:1      | Reached skill level 4 in Earth Magic
   927 | D:1      | Reached XP level 3. HP: 9/19 MP: 7/7
  1814 | D:2      | Found a stormy altar of Qazlal.
  1839 | D:2      | Reached XP level 4. HP: 23/24 MP: 9/9
  1855 | D:2      | Noticed Ijyb
  1871 | D:2      | Killed Ijyb
  1994 | D:2      | Reached XP level 5. HP: 9/28 MP: 2/11
  2396 | D:2      | Reached skill level 5 in Earth Magic
  2607 | D:3      | Found a radiant altar of Vehumet.
  2607 | D:3      | Found a hide-covered altar of Uskayaw.
  2607 | D:3      | Found a glowing silver altar of Zin.
  2607 | D:3      | Found a sacrificial altar of Ru.
  2639 | D:3      | Became a worshipper of Vehumet
  2649 | D:3      | Found a shimmering altar of Xom.
  2649 | D:3      | Found a blossoming altar of Fedhas.
  2870 | D:3      | Found a sparkling altar of Nemelex Xobeh.
  2878 | D:3      | Reached XP level 6. HP: 32/32 MP: 13/13
  2923 | D:3      | Found a snail-covered altar of Cheibriados.
  2989 | D:3      | Found a glowing drain.
  3007 | D:3      | Reached * piety under Vehumet
  3007 | D:3      | Offered knowledge of Magic Dart by Vehumet.
  3014 | D:3      | Killed from afar by an orc priest

Vault maps used:
D:1:      dpeg_arrival_more_subterranean_lakeside_camping, minmay_vboxes
D:2:      lemuel_round_altar, roderic_roman_lattice, uniq_iyjb
D:3:      minmay_overflow_temple_hex, old_standard_altar, cheibriados_altar_1,
          gup_sewer_entry_glass, first_bread, nemelex_dance_club_becter

Skill      XL: |  1  2  3  4  5 |
---------------+----------------+-----
Earth Magic    | 4 5 |  5.2
Spellcasting   | 3 4 |  4.8
Dodging        | |  1.5
Stealth        | |  2.1
Transmutations | |  0.7

Action                   |  1- 3 |  4- 6 || total
-------------------------+-------+-------++-------
Melee: Club              |    14 |       ||    14
       Spear             |   120 |    13 ||   133
       Whip              |    20 |   129 ||   149
 Cast: Sandblast         |     4 |    15 ||    19
  Use: Scroll            |       |     1 ||     1
 Stab: Sleeping          |     3 |     4 ||     7
       Distracted        |     1 |       ||     1
  Eat: Chunk             |     2 |     5 ||     7
Armor: Robe              |    49 |    89 ||   138
Dodge: Dodged            |    86 |   125 ||   211
